 Dungeon Crawl Stone Soup version 0.31.0-11-ge490571c62 (webtiles) character file.

Game seed: 10119363461983998510

438 qw the Skirmisher (level 6, -2/35 HPs)
             Began as a Deep Elf Hunter on Feb 4, 2024.
             Slain by a kobold brigand
             ... wielding a +0 short sword
              (3 damage)
             ... on level 4 of the Dungeon.
             The game lasted 00:00:14 (3198 turns).

qw the Skirmisher (Deep Elf Hunter)                 Turns: 3198, Time: 00:00:15

Health: -2/35      AC: 10    Str: 10    XL:     6   Next: 69%
Magic:  8/8        EV: 12    Int: 14    God:
Gold:   239        SH:  0    Dex: 24    Spells: 5/5 levels left

rFire   . . .        a - +3 shortbow
rCold   . . .        (shield currently unavailable)
rNeg    . . .        j - +0 ring mail
rPois   .            (no helmet)
rElec   .            f - +0 cloak
rCorr   .            (no gloves)
SInv    .            (no boots)
Will    .....        (no amulet)
Stlth   ++           d - +6 ring of dexterity
HPRegen 0.25/turn    m - +4 ring of protection
MPRegen 0.11/turn

%: no passive effects
@: lethally poisoned (-2 -> -9), hasted and slowed
A: no striking features
a: no special abilities


You were on level 4 of the Dungeon.
You visited 1 branch of the dungeon, and saw 4 of its levels.

You collected 239 gold pieces.


   Skills:
 - Level 2.2 Fighting
 - Level 10.1 Ranged Weapons
 + Level 0.0 Armour
 - Level 3.0 Dodging
 - Level 1.2 Stealth


You had 5 spell levels left.
You didn't know any spells.
Your spell library was empty.

Inventory:

Hand Weapons
 a - a +3 shortbow (weapon)
Armour
 f - a +0 cloak (worn)
 j - a +0 ring mail (worn)
Jewellery
 d - a +6 ring of dexterity (left hand)
 m - a +4 ring of protection (right hand)
 Y - a ring of protection from fire
Potions
 b - a potion of cancellation
 i - a potion of curing
 l - a potion of mutation

Dungeon Overview and Level Annotations

Branches:
Dungeon (4/15)
 Temple: D:4-7

Altars:
Cheibriados
Nemelex Xobeh
Qazlal
Sif Muna


Message History

Enter note:
Enter note:
Enter note:
Enter note:
3168 ||| Stepping randomly (stuck).
Done exploring.
What level of the Dungeon? (default 4, ? - help)
There is a stone staircase leading down here.
You climb downwards.
There is a stone staircase leading up here.
Found a stone staircase leading down.
A kobold brigand comes into view.
It is wielding a +0 short sword and quivering curare-tipped darts.
You shoot an arrow. The arrow hits the kobold brigand.
The kobold brigand is moderately wounded.
The kobold brigand throws a curare-tipped dart.
The curare-tipped dart hits you.
You are poisoned.
You have difficulty breathing.
You feel yourself slow down.
3195 ||| DRINKING potion of haste.
You feel yourself speed up.
You feel very sick.
The kobold brigand throws a curare-tipped dart.
The curare-tipped dart hits you.
You are more poisoned.
You have difficulty breathing.
You feel as though you will be slow longer.
You shoot an arrow.
The arrow hits the kobold brigand but does no damage.
The kobold brigand is moderately wounded.
You feel very sick.
You shoot an arrow.
The arrow hits the kobold brigand but does no damage.
The kobold brigand is moderately wounded.
You feel very sick.
The kobold brigand hits you but does no damage.
You shoot an arrow.
The arrow hits the kobold brigand but does no damage.
The kobold brigand is moderately wounded.
You feel very sick.
The kobold brigand hits you with a +0 short sword.
You die...

.)#.#.#.##
.#........#
...#.#.#..#
..........#
...#.#.#..
.........
........##### ###
.......@....###.##
......K.#........#
.####.#...#...#.##
#.#..####.#.# #
#.........#
#>........########
#######.#.........
#.#.........
#.#.........


You could see a kobold brigand.

Vanquished Creatures
  A bombardier beetle (D:3)
  2 jellies (D:4)
  2 orc priests (D:3)
  5 orc wizards
  4 adders
  5 dart slugs
  12 orcs
  10 endoplasms
  4 giant cockroaches
  8 goblins
  10 hobgoblins
  6 kobolds
  7 quokkas
  14 ball pythons
  9 bats
  5 frilled lizards
  7 rats
111 creatures vanquished.

Notes
Turn   | Place    | Note
-------+----------+-------------------------------------------
     0 | D:1      | qw the Deep Elf Hunter began the quest for the Orb.
     0 | D:1      | Reached XP level 1. HP: 12/12 MP: 3/3
     0 | D:1      | 0 ||| qw: Version: 0.3-a-160-g6735b56
     0 | D:1      | 0 ||| qw: Game counter: 5657
     0 | D:1      | 0 ||| qw: Melee chars always use a shield: true
     0 | D:1      | 0 ||| qw: God list: Okawaru
     0 | D:1      | 0 ||| qw: Allow faded altars: false
     0 | D:1      | 0 ||| qw: Do Orc after clearing Dungeon:15 true
     0 | D:1      | 0 ||| qw: Do second Lair branch before Depths: true
     0 | D:1      | 0 ||| qw: Lair rune preference: random
     0 | D:1      | 0 ||| qw: Goals: Normal
     0 | D:1      | 0 ||| PLANNING D:1-11
   127 | D:1      | Reached skill level 6 in Ranged Weapons
   127 | D:1      | Reached XP level 2. HP: 16/16 MP: 4/4
   130 | D:1      | 130 ||| RETREEEEATING.
   218 | D:1      | Reached XP level 3. HP: 20/20 MP: 5/5
   309 | D:1      | Found a faded altar of an unknown god.
   359 | D:1      | Reached skill level 7 in Ranged Weapons
   867 | D:1      | 867 ||| UPGRADING to +0 scale mail.
   877 | D:1      | 877 ||| DROPPING +0 leather armour.
   878 | D:1      | 878 ||| UPGRADING to +0 cloak.
   883 | D:1      | 883 ||| UPGRADING to +0 ring mail.
   893 | D:1      | 893 ||| DROPPING +0 scale mail.
   894 | D:1      | 894 ||| UPGRADING to +6 ring of strength.
   895 | D:1      | 895 ||| UPGRADING to ring of protection from fire.
   896 | D:1      | 896 ||| READING 4 scrolls labelled GUMUMI QIXE.
   896 | D:1      | 896 ||| IDENTIFYING murky amethyst potion
   897 | D:1      | 897 ||| READING 3 scrolls of identify.
   897 | D:1      | 897 ||| IDENTIFYING coppery potion
   898 | D:1      | 898 ||| READING 2 scrolls of identify.
   898 | D:1      | 898 ||| IDENTIFYING scroll labelled GOG CA KARHIDA
   899 | D:1      | 899 ||| READING scroll of enchant weapon.
   899 | D:1      | 899 ||| ENCHANTING +0 shortbow.
   900 | D:1      | 900 ||| READING scroll of identify.
   900 | D:1      | 900 ||| IDENTIFYING scroll labelled NEUNEANKYA
   901 | D:1      | 901 ||| READING scroll labelled QOKUN SIPO.
   902 | D:1      | 902 ||| READING scroll labelled WOADEP SOHIVAGI.
   903 | D:1      | 903 ||| READING scroll labelled BINEIFR PENN.
   907 | D:1      | 907 ||| DROPPING scroll of butterflies.
   908 | D:1      | 908 ||| DROPPING scroll of amnesia.
   909 | D:1      | 909 ||| DROPPING potion of brilliance.
   992 | D:2      | 992 ||| READING scroll of enchant weapon.
   992 | D:2      | 992 ||| ENCHANTING +1 shortbow.
  1355 | D:2      | Reached XP level 4. HP: 25/25 MP: 6/6
  1609 | D:2      | 1609 ||| READING scroll labelled JELETH MOMMEJ.
  1710 | D:2      | 1710 ||| READING scroll labelled JUEXAH UGGE.
  1753 | D:2      | 1753 ||| DRINKING 2 amethyst potions.
  1879 | D:3      | 1879 ||| READING scroll of enchant weapon.
  1879 | D:3      | 1879 ||| ENCHANTING +2 shortbow.
  1989 | D:3      | 1989 ||| RETREEEEATING.
  1991 | D:3      | 1991 ||| RETREEEEATING.
  1993 | D:3      | 1993 ||| RETREEEEATING.
  1995 | D:3      | 1995 ||| RETREEEEATING.
  2003 | D:3      | Reached skill level 8 in Ranged Weapons
  2007 | D:3      | HP: 1/25 [orc priest/divine providence (9)]
  2008 | D:3      | 2008 ||| DRINKING potion of heal wounds.
  2012 | D:3      | Reached XP level 5. HP: 14/29 MP: 7/7
  2015 | D:3      | HP: 7/29 [orc/+0 hand axe (4)]
  2172 | D:3      | Reached skill level 9 in Ranged Weapons
  2236 | D:3      | Found a shimmering blue altar of Sif Muna.
  2330 | D:3      | Found a faded altar of an unknown god.
  2371 | D:3      | Found a stormy altar of Qazlal.
  2411 | D:3      | Reached skill level 3 in Dodging
  2526 | D:3      | Reached XP level 6. HP: 35/35 MP: 8/8
  2682 | D:3      | 2682 ||| UPGRADING to +6 ring of dexterity.
  2684 | D:3      | 2684 ||| UPGRADING to +4 ring of protection.
  2686 | D:3      | 2686 ||| DROPPING +6 ring of strength.
  2687 | D:3      | 2687 ||| DROPPING ring of resist corrosion.
  2688 | D:3      | 2688 ||| READING 3 scrolls of identify.
  2688 | D:3      | 2688 ||| IDENTIFYING dark potion
  2689 | D:3      | 2689 ||| READING 2 scrolls of identify.
  2689 | D:3      | 2689 ||| IDENTIFYING murky dark potion
  2690 | D:3      | 2690 ||| READING scroll of identify.
  2690 | D:3      | 2690 ||| IDENTIFYING inky potion
  2691 | D:3      | 2691 ||| READING scroll labelled OSIORA FIUTANE.
  2935 | D:4      | Found a snail-covered altar of Cheibriados.
  2953 | D:4      | Reached skill level 10 in Ranged Weapons
  3157 | D:4      | 3157 ||| READING scroll of identify.
  3157 | D:4      | 3157 ||| IDENTIFYING scroll labelled ELLEANIEBEO
  3158 | D:4      | 3158 ||| DROPPING scroll of immolation.
  3167 | D:3      | Found a sparkling altar of Nemelex Xobeh.
  3168 | D:3      | 3168 ||| Stepping randomly (stuck).
  3195 | D:4      | 3195 ||| DRINKING potion of haste.
  3196 | D:4      | HP: 8/35 [poisoned by a kobold brigand (curare-tipped
                  | dart)]
  3198 | D:4      | HP: 1/35 [poisoned by a kobold brigand (curare-tipped
                  | dart)]
  3198 | D:4      | Slain by a kobold brigand

Levels and vault maps discovered:
D:1:      psy_arrival_radial02, layout_basic, ebering_ecumenical_altar_hall,
          minmay_vboxes
D:2:      layout_basic, minmay_curled_crystal, minmay_domino_4
D:3:      layout_basic, mainiacjoe_overflow_concentric_impassable,
          lemuel_crystal_altar, nicolae_overflow_ecumenical_swirl,
          wad_floor_pattern_untrapped
D:4:      layout_basic, cheibriados_altar_1, serial_co_window_serial,
          co_window_paths_a, co_window_paths_a, co_window_corner_a,
          co_window_paths_a, co_window_paths_b, co_window_cross_3,
          co_window_2corner, co_window_broadway_a, co_window_broadway_b,
          co_window_4corner_b, co_window_4corner_a, glass_columns_b,
          glass_columns_a

Skill      XL: |  1  2  3  4  5  6 |
---------------+-------------------+-----
Ranged Weapons | 6 7 8 9 10 | 10.1
Fighting       | 2 |  2.2
Dodging        | 3 |  3.0
Stealth        | |  1.2

Action                     |  1- 3 |  4- 6 || total
---------------------------+-------+-------++-------
   Fire: Shortbow          |   129 |   133 ||   262
    Use: Scroll            |     9 |     8 ||    17
         Potion            |       |     3 ||     3
 Armour: Leather armour    |    18 |       ||    18
         Ring mail         |       |    17 ||    17
  Dodge: Dodged            |    26 |    20 ||    46

Table legend:
 A = Non-vault XP
 B = Vault XP
 C = Vault XP percentage of total XP
 D = Non-vault monster count
 E = Vault monster count
 F = Vault count percentage of total count
                 A         B        C        D         E       F
            +---------+---------+-------+---------+---------+-------
      Total |     608 |      19 |   3.0 |     101 |      10 |   9.0
            +---------+---------+-------+---------+---------+-------
        D:1 |      62 |      11 |  15.1 |      35 |       6 |  14.6
        D:2 |      36 |       8 |  18.2 |      13 |       4 |  23.5
        D:3 |     315 |       0 |   0.0 |      36 |       0 |   0.0
        D:4 |     195 |       0 |   0.0 |      17 |       0 |   0.0
            +---------+---------+-------+---------+---------+-------
